 Dungeon Crawl Stone Soup version 0.29.1-2-gbd0b4ee654 (webtiles) character file.

Game seed: 2007037121089678168

62 GorkyZ the Caller (level 3, -5/20 HPs)
             Began as a Deep Elf Summoner on Nov 24, 2022.
             Was an Initiate of Gozag.
             Killed from afar by an orc wizard (9 damage)
             ... with a puff of flame
             ... on level 3 of the Dungeon.
             The game lasted 00:11:58 (3078 turns).

GorkyZ the Caller (Deep Elf Summoner)               Turns: 3078, Time: 00:12:00

Health: -5/20      AC:  2    Str:  5    XL:     3   Next: 85%
Magic:  6/10       EV: 13    Int: 21    God:    Gozag
Gold:   121        SH:  5    Dex: 15    Spells: 6/9 levels left

rFire   . . .      SeeInvis .   q - +0 spear
rCold   . . .      Faith    .   (no shield)
rNeg    . . .      Spirit   .   a - +0 robe
rPois   .          Reflect  +   (no helmet)
rElec   .          Harm     .   (no cloak)
rCorr   +          Rampage  .   (no gloves)
Will    .....                   (no boots)
Stlth   ++........              o - amulet of reflection
HPRegen 0.06/turn               u - ring of resist corrosion
MPRegen 0.12/turn               (no ring)

@: no status effects
A: no striking features
a: Renounce Religion, Potion Petition, Call Merchant, Bribe Branch


You were on level 3 of the Dungeon.
You worshipped Gozag.
Gozag was aware of your devotion.
You visited 1 branch of the dungeon, and saw 4 of its levels.

You collected 157 gold pieces.
You paid 36 gold pieces to Gozag.

Inventory:

Hand Weapons
 e - a +0 short sword
 q - a +0 spear (weapon)
 t - a +1 dagger of draining
Armour
 a - a +0 robe (worn)
Magical Staves
 s - a staff of air
Jewellery
 o - an amulet of reflection (around neck)
 u - a ring of resist corrosion (left hand)
Scrolls
 c - 2 scrolls of identify {unknown}
 d - a scroll of fear {unknown}
 h - a scroll of noise {unknown}
 i - 2 scrolls of butterflies {unknown}
 k - a scroll of amnesia {unknown}
 n - a scroll of enchant armour {unknown}
 p - a scroll of blinking {unknown}
 r - a scroll of vulnerability {unknown}
Potions
 b - a potion of magic
 f - a potion of degeneration {unknown}
 g - a potion of curing {unknown}
 j - a potion of haste {unknown}
 l - a potion of brilliance {unknown}
 m - a potion of heal wounds {unknown}


   Skills:
 + Level 1.2 Fighting
 + Level 3.3 Dodging
 - Level 2.4 Stealth
 + Level 3.9 Spellcasting
 + Level 4.8 Summonings


You had 6 spell levels left.
You knew the following spells:

 Your Spells              Type           Power      Damage    Failure   Level
a - Summon Small Mammal   Summ           96%        N/A       1%          1
b - Call Imp              Summ           24%        N/A       2%          2

Your spell library contained the following spells:

 Spells                   Type           Power      Damage    Failure   Level
 Call Canine Familiar     Summ           24%        N/A       4%          3
 Summon Guardian Golem    Hex/Summ       14%        N/A       14%         3
 Sublimation of Blood     Necr           4%         N/A       19%         2
 Wereblood                Tmut           4%         N/A       19%         2
 Summon Lightning Spire   Summ/Air       14%        N/A       41%         4
 Dispel Undead            Necr           4%         3d7       77%         4
 Death Channel            Necr           2%         N/A       100%        6
 Summon Hydra             Summ           12%        N/A       100%        7
 Corpse Rot               Necr/Pois/Air  Unusable   N/A       N/A         4

Dungeon Overview and Level Annotations

Branches:
Dungeon (4/15)
 Temple: D:4-7

Altars:
Gozag
Kikubaaqudgha
The Shining One


Message History

You start putting on your amulet.
You continue putting on your amulet of reflection. x5
You finish putting on your amulet of reflection.
You feel a shielding aura gather around you.
o - an amulet of reflection (around neck)
u - a ring of resist corrosion (left hand)
You climb downwards.
The adder hisses angrily.
The orc wizard shouts!
The adder hisses angrily.
The hound barks!
Found 11 gold pieces, a throwing net and a ring mail.
There is a stone staircase leading up here.
The adder closely misses you.
The orc wizard hits you with a +0 dagger. x2
You climb upwards.
There is a stone staircase leading down here.
The adder bites you but does no damage. The orc wizard barely misses you.
You block the orc wizard's attack.
Your bat barely misses the orc wizard.
The adder bites you.
The orc wizard hits you with a +0 dagger. x2
You hit the orc wizard but do no damage.
The adder barely misses you.
Your bat closely misses the orc wizard.
Your quokka bites the orc wizard.
The adder bites you but does no damage. The orc wizard closely misses you.
You block the orc wizard's attack.
Casting: Summon Small Mammal (safe; 1% risk of failure)
Confirm with . or Enter, or press ? or * to list all spells.
A beastly little devil appears in a puff of flame.
Your bat closely misses the orc wizard.
The adder bites you but does no damage.
Your quokka closely misses the orc wizard.
The orc wizard closely misses you.
The orc wizard hits you with a +0 dagger.
* * * LOW HITPOINT WARNING * * *
You hit the orc wizard but do no damage.
The orc wizard is moderately wounded.
Your bat hits the orc wizard. The adder closely misses you.
Your quokka barely misses the orc wizard.
Your bat closely misses the orc wizard.
The orc wizard gestures at you while chanting.
The puff of flame hits you!
You die...
Your body crumbles into a pile of gold.

#######.......# #.....#
#.....#.......# #.....#
......##.....## #.....#
#####.##.....## #.....#
..............# #.....#
#####.#.......# #.....#
# #.........# #.....#
#####.##.....#####b.<..#
.......#.....##o@o5....#
.........##..##S##r....#
.........##..##.########
........###...#.#######
........# #...........#
........####..........#
........##.....>......#
......................#
........##.#..........#


You could see 2 orc wizards, an adder, a friendly crimson imp (summoned), a
friendly quokka (summoned) and a friendly bat (summoned).

Vanquished Creatures
  A worm (D:3)
  3 bats
  3 hobgoblins
7 creatures vanquished.

Vanquished Creatures (collateral kills)
  2 adders (D:2)
  2 worms
  6 ball pythons
  A giant cockroach (D:1)
  4 jackals (D:1)
  A quokka (D:1)
  A bat (D:1)
  2 frilled lizards
  3 goblins
  4 kobolds
  3 rats (D:1)
29 creatures vanquished.

Grand Total: 36 creatures vanquished

Notes
Turn   | Place    | Note
-------+----------+-------------------------------------------
     0 | D:1      | GorkyZ the Deep Elf Summoner began the quest for the Orb.
     0 | D:1      | Reached XP level 1. HP: 10/10 MP: 6/6
   649 | D:1      | Reached XP level 2. HP: 16/16 MP: 5/8
  1313 | D:2      | Learned a level 2 spell: Call Imp
  1547 | D:2      | Reached skill level 1 in Fighting
  1547 | D:2      | Reached XP level 3. HP: 20/20 MP: 8/10
  2589 | D:3      | Found an opulent altar of Gozag.
  2597 | D:3      | Became a worshipper of Gozag Ym Sagoz the Greedy
  2624 | D:3      | Found an ancient bone altar of Kikubaaqudgha.
  2916 | D:3      | Found a faded altar of an unknown god.
  2925 | D:3      | Found a glowing golden altar of the Shining One.
  3078 | D:3      | Killed from afar by an orc wizard

Illustrated notes

Levels and vault maps discovered:
D:1:      elethiomel_arrival_infinity_welcomes_careful_drivers,
          layout_loops_cross
D:2:      layout_basic, minmay_statues_item
D:3:      layout_rooms, nicolae_overflow_ecumenical_swirl,
          mainiacjoe_overflow_two_lobes, st_stairs_6
D:4:      layout_rooms, bloody_makhleb, lemuel_crystal_altar

Skill      XL: |  1  2 |
---------------+-------+-----
Fighting       | 1 |  1.2
Dodging        | 3 |  3.3
Stealth        | |  2.4
Spellcasting   | |  3.9
Summonings     | |  4.8

Action                   || total
-------------------------++-------
Melee: Unarmed           ||     5
       Short sword       ||     7
       Spear             ||    20
 Cast: Summon Small Mamm ||    62
       Call Imp          ||     3
Armor: Robe              ||    12
Dodge: Dodged            ||    25
Block: Other             ||     2
